 Dungeon Crawl Stone Soup version 0.24-a0-462-ge24419a6ad (webtiles) character file.

Game seed: 16555573913704427680

1784 Kuinu the Fighter (level 8, 0/111 HPs)
             Began as a Purple Draconian Berserker on July 1, 2019.
             Was an Elder of Trog.
             Slain by an orc warrior
             ... wielding a +0 glaive
              (5 damage)
             ... on level 6 of the Dungeon.
             The game lasted 00:09:43 (4402 turns).

Kuinu the Fighter (Purple Draconian Berserker)      Turns: 4402, Time: 00:09:44

Health: 0/111      AC:  6    Str: 24    XL:     8   Next: 81%
Magic:  8/8        EV: 15    Int:  8    God:    Trog [****..]
Gold:   206        SH:  0    Dex: 13    Spells: 7/7 levels left

rFire    . . .     SeeInvis +   a - +1 falchion
rCold    . . .     Gourm    .   (no shield)
rNeg     + . .     Faith    .   (armour unavailable)
rPois    .         Spirit   .   (helmet restricted)
rElec    .         Reflect  .   (no cloak)
rCorr    .         Harm     .   (no gloves)
MR       +++..                  (no boots)
Stlth    ..........             (no amulet)
HPRegen  1.28/turn              h - ring of positive energy
MPRegen  0.11/turn              m - ring of see invisible

@: berserking (expiring), regenerating, very quick
A: breathe power, unfitting armour, cold-blooded, AC +6
a: Breathe Dispelling Energy, Berserk, Trog's Hand, Brothers in Arms, Renounce
Religion


You were on level 6 of the Dungeon.
You worshipped Trog.
Trog was greatly pleased with you.
You were near starving.

You visited 1 branch of the dungeon, and saw 6 of its levels.
You also visited: Sewer.

You collected 206 gold pieces.

Inventory:

Hand Weapons
 a - a +1 falchion (weapon)
 s - a cursed -1 scimitar
Jewellery
 h - a ring of positive energy (left hand)
 m - a ring of see invisible (right hand)
 o - an uncursed ring of magical power
Wands
 k - a wand of flame (14)
Scrolls
 d - 3 scrolls of identify
 f - 2 scrolls of remove curse
 i - 3 scrolls of fear
 j - 4 scrolls of teleportation
 l - 2 scrolls of amnesia
Potions
 c - a potion of haste
 e - a potion of flight
 g - 7 potions of curing
 p - a potion of brilliance
 q - a potion of degeneration
 r - a potion of magic
Comestibles
 b - 7 rations
 n - 6 chunks of flesh


   Skills:
 * Level 8.0 Fighting
 * Level 7.2 Long Blades
 * Level 6.6 Dodging


You had 7 spell levels left.
You didn't know any spells.
Your spell library was empty.

Dungeon Overview and Level Annotations

Branches:
Dungeon (6/15)             Temple (0/1) D:6

Altars:
Ashenzari
Fedhas
Hepliaklqana
Trog
The Shining One


Innate Abilities, Weirdness & Mutations

You can breathe bolts of dispelling energy.
Your rich purple scales are hard. (AC +6)
You cannot fit into any form of body armour.
You are cold-blooded and may be slowed by cold attacks.


Message History

The orc warrior closely misses you.
You are too injured to fight recklessly!
Unknown command.
You are too injured to fight recklessly!
Unknown command.
You feel a strong urge to attack something.
Found a runed short sword.
Things that are here:
a +0 hand axe; an orc corpse You hit the orc warrior.
The orc warrior is lightly wounded.
The orc warrior hits you with a +0 glaive!!
* * * LOW HITPOINT WARNING * * *
You hit the orc warrior but do no damage.
The orc warrior is lightly wounded.
You hit the orc warrior but do no damage.
Your tail-slap misses the orc warrior.
The orc warrior is lightly wounded.
The orc warrior hits you with a +0 glaive.
You die... ≈≈##≈≈ .. #.#. #≈#.≈# ..##.#) ####≈≈.≈# ...#.#. #....≈≈.# .......##.....≈# ....o........# .So

#.....#
##.#o##.....###
#....@........#
.......####.###.#
###...# #.# #.#
.....# #.# #.#
##### #.# #.#
######.###.#
#..........#
##.####.##### ##
##...# #.#


You could see an orc warrior, an adder and 2 orcs.

Vanquished Creatures
  A hungry ghost (D:3)
  An orc warrior (D:5)
  3 ogres (D:4)
  A centaur (D:3)
  4 big kobolds (Sewer)
  Blork the orc (D:5)
  2 scorpions (D:6)
  A howler monkey (D:4)
  A crimson imp (D:5)
  A bullfrog zombie (D:5)
  3 hounds
  Jessica (D:3)
  4 orc wizards (D:5)
  Terence (D:3)
  4 worker ants
  A hound skeleton (D:4)
  2 river rats (Sewer)
  14 adders
  A shadow imp (D:5)
  4 oozes (Sewer)
  An adder skeleton (D:5)
  10 worms
  A dart slug (D:2)
  2 leopard geckos
  25 orcs
  5 giant cockroaches
  3 goblins
  6 hobgoblins
  7 jackals
  2 quokkas
  6 ball pythons
  A frilled lizard (D:4)
  12 kobolds
  A quokka skeleton (D:4)
  7 rats
140 creatures vanquished.

Notes
Turn   | Place    | Note
-------+----------+-------------------------------------------
     0 | D:1      | Kuinu the Draconian Berserker began the quest for the Orb.
     0 | D:1      | Reached XP level 1. HP: 19/19 MP: 1/1
   130 | D:1      | Reached XP level 2. HP: 20/26 MP: 2/2
   511 | D:2      | Reached XP level 3. HP: 9/33 MP: 3/3
   891 | D:2      | Reached ** piety under Trog
   893 | D:2      | Reached skill level 4 in Fighting
   946 | D:2      | Reached XP level 4. HP: 35/40 MP: 4/4
  1306 | D:3      | Noticed a hungry ghost
  1327 | D:3      | Killed a hungry ghost
  1327 | D:3      | Reached XP level 5. HP: 47/47 MP: 5/5
  1330 | D:3      | Noticed Jessica
  1337 | D:3      | Killed Jessica
  1390 | D:3      | Reached skill level 5 in Fighting
  1452 | D:3      | Noticed a centaur
  1462 | D:3      | Killed a centaur
  1462 | D:3      | Reached XP level 6. HP: 26/56 MP: 6/6
  1600 | D:3      | Noticed Terence
  1609 | D:3      | Killed Terence
  1888 | D:4      | Reached skill level 5 in Long Blades
  2235 | D:4      | Found a bloodstained altar of Trog.
  2250 | D:4      | Your scales start taking on a rich purple colour.
  2250 | D:4      | Reached XP level 7. HP: 62/62 MP: 7/7
  2291 | D:4      | Reached skill level 6 in Fighting
  2291 | D:4      | Reached skill level 5 in Dodging
  2311 | D:4      | Reached *** piety under Trog
  2634 | D:5      | Entered Level 5 of the Dungeon
  2704 | D:5      | Reached XP level 8. HP: 52/71 MP: 8/8
  2887 | D:5      | Found a blossoming altar of Fedhas.
  2948 | D:5      | Noticed Blork the orc
  2956 | D:5      | Killed Blork the orc
  3214 | D:5      | Reached skill level 7 in Fighting
  3280 | D:5      | Found a glowing drain.
  3289 | Sewer    | Entered a sewer
  3657 | Sewer    | Reached **** piety under Trog
  3923 | D:5      | Found a glowing golden altar of the Shining One.
  3932 | D:5      | Found a hazy altar of Hepliaklqana.
  3951 | D:5      | Found a shattered altar of Ashenzari.
  4279 | D:6      | Found a staircase to the Ecumenical Temple.
  4294 | D:6      | Reached skill level 8 in Fighting
  4400 | D:6      | HP: 4/111 [orc warrior/+0 glaive (28)]
  4402 | D:6      | Slain by an orc warrior

Levels and vault maps discovered:
D:1:      scummos_arrival_simple_fountains, layout_basic, kennysheep_boxes
D:2:      layout_rooms, first_ration, chequers_serial_rivers_micro_a
D:3:      layout_loops_cross, uniq_terence, uniq_jessica
D:4:      layout_rooms, nicolae_overflow_hidden_temple, abandoned_shop
D:5:      layout_basic, grunt_temple_overflow_open,
          cheibrodos_sewer_entry_drain, uniq_blork_the_orc
D:6:      layout_loops_ring, minmay_temple_entry_waves, serial_rivers,
          chequers_serial_rivers_micro_b, chequers_serial_rivers_room_a,
          chequers_serial_rivers_room_b, chequers_serial_rivers_room_a,
          chequers_serial_rivers_small_b, corexii_corridor_pit

Skill      XL: |  1  2  3  4  5  6  7  8 |
---------------+-------------------------+-----
Dodging        | 3 4 5 6 |  6.6
Fighting       | 4 5 6 8 |  8.0
Long Blades    | 4 5 6 7 |  7.2

Action                   |  1- 3 |  4- 6 |  7- 9 || total
-------------------------+-------+-------+-------++-------
Melee: Falchion          |    65 |   114 |   336 ||   515
       Tailslap          |    13 |    18 |    64 ||    95
Invok: Berserk           |     2 |     1 |     4 ||     7
       Trog's Hand       |       |     1 |     2 ||     3
  Use: Scroll            |       |       |    11 ||    11
 Stab: Sleeping          |     2 |     2 |       ||     4
  Eat: Chunk             |     2 |     5 |    11 ||    18
       Ration            |       |     1 |       ||     1
Armor: Skin              |    18 |    24 |    63 ||   105
Dodge: Dodged            |    50 |    75 |   246 ||   371
       Rpst.: Falchion   |    14 |    32 |    70 ||   116

Table legend:
 A = Non-vault XP
 B = Vault XP
 C = Vault XP percentage of total XP
 D = Non-vault monster count
 E = Vault monster count
 F = Vault count percentage of total count
                 A         B        C        D         E       F
            +---------+---------+-------+---------+---------+-------
      Total |    1843 |     706 |  27.7 |     105 |      35 |  25.0
            +---------+---------+-------+---------+---------+-------
        D:1 |      16 |       0 |   0.0 |      11 |       0 |   0.0
        D:2 |      96 |       0 |   0.0 |      23 |       0 |   0.0
        D:3 |     333 |      73 |  18.0 |      12 |       2 |  14.3
        D:4 |     709 |       0 |   0.0 |      25 |       0 |   0.0
        D:5 |     487 |     103 |  17.5 |      25 |       5 |  16.7
        D:6 |     202 |       0 |   0.0 |       9 |       0 |   0.0
      Sewer |       0 |     530 | 100.0 |       0 |      28 | 100.0
            +---------+---------+-------+---------+---------+-------
